 Dungeon Crawl Stone Soup version 0.32-a0-871-ge202e49faa (webtiles) character file.

Game seed: 4779812061349266040

30 kae the Slasher (level 3, 0/27 HPs)
             Began as a Coglin Gladiator on Mar 29, 2024.
             Slain by a goblin
             ... wielding a +0 club
             ... led by Robin
              (5 damage)
             ... on level 1 of the Dungeon.
             The game lasted 00:00:26 (731 turns).

kae the Slasher (Coglin Gladiator)                   Turns: 731, Time: 00:00:27

Health: 0/27       AC:  4    Str: 14    XL:     3   Next: 18%
Magic:  3/3        EV: 11    Int:  7    God:
Gold:   34         SH:  0    Dex: 17    Spells: 2/2 levels left

rFire   . . .        a - +0 long sword {Ikko}
rCold   . . .        f - +0 dagger {Magnus}
rNeg    . . .        b - +0 leather armour
rPois   .            c - +0 helmet
rElec   .            (no cloak)
rCorr   .            (no gloves)
SInv    .            (no boots)
Will    .....        (amulet unavailable)
Stlth   +            (ring unavailable)
HPRegen 0.24/turn    (ring unavailable)
MPRegen 0.08/turn    (no gizmo)

%: no passive effects
@: revved
A: off-hand wielding, slow wielding, warmup strikes, no jewellery
a: Invent Gizmo


You were on level 1 of the Dungeon.
You visited 1 branch of the dungeon, and saw 2 of its levels.

You collected 34 gold pieces.


Innate Abilities, Weirdness & Mutations

You can wield a second weapon in your off-hand.
It takes a long time for you to wield or remove held weapons.
Your first few attacks do less damage.
You cannot equip rings or amulets.


   Skills:
 - Level 2.0 Fighting
 + Level 4.2 Long Blades
 - Level 1.7 Throwing
 - Level 2.6 Dodging


You had 2 spell levels left.
You didn't know any spells.
Your spell library contained the following spells:

 Spells                   Type           Power      Damage    Failure   Level
 Brom's Barrelling Bould  Conj/Erth      0%         2d3       99%         4
 Fireball                 Conj/Fire      0%         3d3       100%        5
 Iskenderun's Battlesphe  Conj           0%         2d6       100%        5
 Conjure Ball Lightning   Conj/Air       0%         3x3d6     100%        6
 Orb of Destruction       Conj           0%         9d5       100%        7

Inventory:

Hand Weapons
 a - a +0 long sword (weapon) {Ikko}
 f - a +0 dagger (offhand) {Magnus}
Missiles
 d - 3 throwing nets (quivered) {=f!f}
 e - a javelin
 h - 14 stones
Armour
 b - a +0 leather armour (worn)
 c - a +0 helmet (worn)
Jewellery
 T - an amulet of faith {!P}
   (You found it on level 1 of the Dungeon)
Scrolls
 g - 4 scrolls of teleportation {unknown}
 i - 2 scrolls of blinking {unknown}
 m - 4 scrolls of noise {unknown}
 n - a scroll of identify {unknown}
 o - a scroll of vulnerability {unknown}
Potions
 j - a potion of heal wounds {unknown}
 k - a potion of attraction {unknown}
 l - a potion of curing {unknown}

Dungeon Overview and Level Annotations

Branches:
Dungeon (2/15) Zot: 11254

Altars:

Annotations:
D:2 Robin

.~~# ##......## ..##
##........## ..#
#..........# ..#
#..........# ###
#..........# #..[.......#
####..........#
###....).g..[..##
##...##..@g......#
#.......)).......#
##...###..........#
#######...## #..........#
.......)..# ##..........#
######.######..........##
###....##.............##
#.........##.##...#####
....#.........#...#


You could see 2 goblins.


Message History

The goblin attacks as it pursues you! The goblin misses you.
You see here a +0 dagger. 😨 HP[+1]
You hit the goblin with your +0 dagger.
You closely miss the goblin with your +0 long sword.
The goblin barely misses you. The goblin hits you with a +0 dagger.
* * * LOW HITPOINT WARNING * * *
😨 HP[-1]
You take 1 damage, and now have 12/27 hp.
You miss the goblin with your +0 long sword.
You hit the goblin but do no damage. The goblin hits you with a +0 club.
* * * LOW HITPOINT WARNING * * *
The goblin hits you with a +0 dagger.
* * * LOW HITPOINT WARNING * * *
😱 HP[-6]
You take 6 damage, and now have 6/27 hp.
MASSIVE DAMAGE!! (PAUSE)
You hit the goblin with your +0 dagger.
You kill the goblin!
The goblin no longer looks unusually strong.
The goblin hits you but does no damage.
You closely miss the goblin with your +0 long sword.
You hit the goblin with your +0 dagger. The goblin barely misses you. 😨 HP[+1]
You hit the goblin with your +0 dagger.
You kill the goblin!
Things that are here:
a +0 club; a goblin corpse You start resting. 😕 HP[+15]
You regained 15 hp, and now have 22/27 hp.
There is a stone staircase leading down here.
Things that are here:
a +0 dagger; a goblin corpse You start resting. 😎 HP[+5]
Your hp is fully restored (27).
You climb downwards.
Level annotation: Robin The goblin hits you with a +0 club.
The goblin hits you but does no damage.
The goblin shoots a sling bullet.
The sling bullet closely misses you.
There is a stone staircase leading up, spattered with blood here. 😕 HP[-1]
You take 1 damage, and now have 26/27 hp.
You barely miss the goblin with your +0 dagger.
You hit the goblin with your +0 long sword.
You kill the goblin!
The goblin completely misses you. The goblin barely misses you.
Robin roars a battlecry!
The goblins go into a battle-frenzy!
The goblin shoots a sling bullet.
The sling bullet hits you but does no damage.
You closely miss the goblin with your +0 long sword.
You hit the goblin with your +0 dagger. The goblin hits you with a +0 club.
The goblin closely misses you.
The goblin shoots a sling bullet.
The sling bullet hits you. 😕 HP[-5]
You take 5 damage, and now have 21/27 hp.
You closely miss the goblin with your +0 long sword.
You completely miss the goblin with your +0 dagger.
The goblin hits you with a +0 club. The goblin closely misses you.
Robin says, "My goblins will feast on your bones."
The goblin hits you but does no damage. 😮 HP[-1]
You take 1 damage, and now have 20/27 hp.
The goblin barely misses you. The goblin hits you with a +0 club.
The goblin hits you with a +0 dagger.
* * * LOW HITPOINT WARNING * * *
You climb upwards.
There is a stone staircase leading down here.
Things that are here:
a +0 dagger; a goblin corpse Unknown command. 😨 HP[-7]
You take 7 damage, and now have 13/27 hp.
MASSIVE DAMAGE!! (PAUSE) Unknown command.
You hit the goblin with your +0 dagger.
You closely miss the goblin with your +0 long sword.
The goblin hits you with a +0 club.
* * * LOW HITPOINT WARNING * * *
The goblin barely misses you.
The goblin hits you but does no damage. 😨 HP[-1]
You take 1 damage, and now have 12/27 hp.
You barely miss the goblin with your +0 dagger.
You miss the goblin with your +0 long sword.
The goblin hits you with a +0 club.
* * * LOW HITPOINT WARNING * * *
The goblin hits you with a +0 club.
* * * LOW HITPOINT WARNING * * *
The goblin hits you but does no damage. x2 😱 HP[-6]
You take 6 damage, and now have 6/27 hp.
MASSIVE DAMAGE!! (PAUSE)
You slash the goblin with your +0 long sword!
You kill the goblin!
The goblin hits you with a +0 dagger.
* * * LOW HITPOINT WARNING * * *
The goblin hits you with a +0 club.
You die...

Skill      XL: |  1  2 |
---------------+-------+-----
Long Blades    | 4 |  4.2
Fighting       | |  2.0
Throwing       | |  1.7
Dodging        | |  2.6

Action                     || total
---------------------------++-------
  Melee: Long sword        ||    53
         Dagger            ||    47
   Stab: Sleeping          ||     1
 Armour: Leather armour    ||    48
  Dodge: Dodged            ||    49

Levels and vault maps discovered:
D:1:      lemuel_arrival_muddy, layout_rooms, serial_bayou,
          serial_bayou_shore_b, serial_bayou_ford_a
D:2:      layout_rooms, serial_shops, shop, dreamdust_wishing_well, uniq_robin

Notes
Turn   | Place    | Note
-------+----------+-------------------------------------------
     0 | D:1      | kae the Coglin Gladiator began the quest for the Orb.
     0 | D:1      | Reached XP level 1. HP: 16/16 MP: 1/1
     0 | D:1      | magus.rc [v1.11.3]
   188 | D:1      | Reached XP level 2. HP: 22/22 MP: 2/2
   406 | D:1      | You pick up a book of the Spheres and begin reading...
   406 | D:1      | You add the spells Brom's Barrelling Boulder, Iskenderun's
                  | Battlesphere, Fireball, Conjure Ball Lightning and Orb of
                  | Destruction to your library.
   546 | D:1      | Reached skill level 4 in Long Blades
   622 | D:2      | Noticed Robin
   623 | D:2      | Reached XP level 3. HP: 27/27 MP: 3/3
   636 | D:1      | HP: 6/27 [goblin/+0 dagger[Robin] (5)]
   730 | D:1      | HP: 6/27 [goblin/+0 club[Robin] (4)]
   731 | D:1      | Slain by a goblin

Vanquished Creatures
  A dart slug (D:1)
  A bat (D:1)
  An endoplasm (D:1)
  A giant cockroach (D:1)
  8 goblins
  5 hobgoblins (D:1)
  4 ball pythons (D:1)
  4 kobolds (D:1)
25 creatures vanquished.

Table legend:
 A = Non-vault XP
 B = Vault XP
 C = Vault XP percentage of total XP
 D = Non-vault monster count
 E = Vault monster count
 F = Vault count percentage of total count
                 A         B        C        D         E       F
            +---------+---------+-------+---------+---------+-------
      Total |      33 |      12 |  26.7 |      19 |       6 |  24.0
            +---------+---------+-------+---------+---------+-------
        D:1 |      33 |       8 |  19.5 |      19 |       4 |  17.4
        D:2 |       0 |       4 | 100.0 |       0 |       2 | 100.0
            +---------+---------+-------+---------+---------+-------

Skill      XL: |  1  2 |
---------------+-------+-----
Long Blades    | 4 |  4.2
Fighting       | |  2.0
Throwing       | |  1.7
Dodging        | |  2.6

Action                     || total
---------------------------++-------
  Melee: Long sword        ||    53
         Dagger            ||    47
   Stab: Sleeping          ||     1
 Armour: Leather armour    ||    48
  Dodge: Dodged            ||    49

Illustrated notes

Table legend:
 A = Kills in this place as a percentage of kills in the entire game.
 B = Kills by you in this place as a percentage of kills by you in the entire game.
 C = Kills by friends in this place as a percentage of kills by friends in the entire game.
 D = Other kills in this place as a percentage of other kills in the entire game.
 E = Experience gained in this place as a percentage of experience gained in the entire game.
 F = Experience gained in this place divided by the number of levels of this place that you have seen.
                   A       B       C       D       E      F
               +-------+-------+-------+-------+-------+----------------------
         Total | 100.0 | 100.0 |   N/A |   N/A | 100.0 |  22.5
       Dungeon | 100.0 | 100.0 |   N/A |   N/A | 100.0 |  22.5
               +-------+-------+-------+-------+-------+----------------------

Table legend: (Time is in decaauts)
 A = Elapsed time spent in this place.
 B = Non-inter-level travel time spent in this place.
 C = Inter-level travel time spent in this place.
 D = Time resting spent in this place.
 E = Time spent auto-exploring this place.
 F = Levels seen in this place.
 G = Mean time per level.
                   A        B        C        D        E       F      G
               +--------+--------+--------+--------+--------+-----+--------+
         Total |    744 |    738 |      6 |     80 |    515 |   2 |  372.0 |
       Dungeon |    744 |    738 |      6 |     80 |    515 |   2 |  372.0 |
               +--------+--------+--------+--------+--------+-----+--------+

Top non-repeatable levels by time:
     D:1: 722 daAuts
     D:2: 21 daAuts
